 Dungeon Crawl Stone Soup version 0.24-a0-443-g80245de385 (console) character file.

Game seed: 4275527732833823418

10446 Lexodia the Spear-Bearer (level 11, -5/74 (75) HPs)
             Began as a Demonspawn Berserker on June 21, 2019.
             Was a High Priest of Trog.
             Killed from afar by an electric eel (8 damage)
             ... with a bolt of electricity
             ... on level 11 of the Dungeon.
             The game lasted 00:35:35 (9502 turns).

Lexodia the Spear-Bearer (Demonspawn Berserker)     Turns: 9502, Time: 00:35:36

HP:   -5/74 (75)    AC: 16    Str: 21    XL:     11   Next: 36%
MP:   3/3           EV:  7    Int:  8    God:    Trog [*****.]
Gold: 131           SH:  5    Dex: 16    Spells: 10/10 levels left

rFire    + . .     SeeInvis .   b - +4 glaive (antimagic)
rCold    + . .     Gourm    .   (shield currently unavailable)
rNeg     . . .     Faith    .   S - +3 plate armour
rPois    .         Spirit   .   (helmet restricted)
rElec    .         Reflect  +   (no cloak)
rCorr    .         Harm     .   (no gloves)
MR       ++...                  (no boots)
Stlth    ..........             p - +5 amulet of reflection
HPRegen  1.22/turn              i - +3 ring of dexterity
MPRegen  0.08/turn              o - ring of protection from fire

@: berserk cooldown, regenerating, slowed, very slow
A: antennae 1, yellow scales 2, cold resistance 1, spiny 1, freezing cloud
immunity
a: Berserk, Trog's Hand, Brothers in Arms, Renounce Religion


You were on level 11 of the Dungeon.
You worshipped Trog.
Trog was extremely pleased with you.
You were near starving.

You visited 1 branch of the dungeon, and saw 12 of its levels.
You also visited: Sewer.

You collected 526 gold pieces.
You spent 395 gold pieces at shops.

Inventory:

Hand Weapons
 a - a +1 spear
 b - a +4 antimagic glaive (weapon)
 L - a +6 arbalest of flaming
Missiles
 e - 29 poisoned darts (quivered)
 g - 76 stones
 M - 136 arrows
Armour
 y - a +2 helmet
 S - a +3 plate armour (worn)
Jewellery
 i - a +3 ring of dexterity (left hand)
 j - an uncursed ring of ice
 o - a ring of protection from fire (right hand)
 p - a +5 amulet of reflection (around neck)
 x - an uncursed amulet of magic regeneration
 C - an uncursed amulet of harm
Wands
 f - a wand of polymorph (6)
 B - a wand of acid (6)
 H - a wand of iceblast (10)
 J - a wand of flame (17)
 K - a wand of random effects (12)
 P - a wand of digging (4)
Scrolls
 h - a scroll of immolation
 n - a scroll of remove curse
 r - 2 scrolls of enchant weapon
 v - 2 scrolls of blinking
 z - 6 scrolls of teleportation
 D - a scroll of torment
 F - a scroll of noise
 G - 3 scrolls of fear
 O - 4 scrolls of identify
Potions
 d - 2 potions of haste
 k - a potion of magic {unknown}
 l - 2 potions of resistance
 m - 9 potions of curing
 q - 3 potions of lignification
 s - 2 potions of flight
 t - 6 potions of heal wounds
 u - 5 potions of agility
 w - 2 potions of might
 A - a potion of ambrosia {unknown}
 E - a potion of invisibility {unknown}
 I - 2 potions of cancellation {unknown}
Miscellaneous
 R - a box of beasts
Comestibles
 c - 20 rations
 N - a chunk of flesh


   Skills:
 - Level 3.0 Fighting
 + Level 14.4 Polearms
 + Level 7.1 Crossbows
 - Level 2.0 Armour
 - Level 2.0 Dodging


You had 10 spell levels left.
You didn't know any spells.
Your spell library was empty.

Dungeon Overview and Level Annotations

Branches:
Dungeon (12/15)            Temple (0/1) D:5             Orc (0/2) D:11
   Lair: D:8-11

Altars:
Dithmenos
Elyvilon
Fedhas
Gozag
Kikubaaqudgha
Makhleb
Sif Muna
Uskayaw
Vehumet
Wu Jian
Xom
Yredelemnul

Shops:
D:6 ?   D:9 !

Annotations:
D:10 3 runed translucent doors, Gargoyl's ghost, novice CeAK


Innate Abilities, Weirdness & Mutations

You have a pair of small antennae on your head.
You are mostly covered in yellow scales. (AC +3)
Your flesh is cold resistant. (rC+)
You are partially covered in sharp spines.
You are immune to freezing clouds.


Message History

You slice the hound!!
You kill the hound!
Trog accepts your kill.
The phantom hits you but does no damage.
Your troll bites the phantom!
Your troll completely misses the phantom.
Your troll barely misses the phantom.
Your troll closely misses the phantom.
Your troll claws the phantom!
Your troll claws the phantom!!
The phantom is destroyed!
Trog accepts your kill.
The electric eel shoots out a bolt of lightning at you!
The bolt of electricity hits you!
* * * LOW HITPOINT WARNING * * *
The bolt of electricity hits you!
* * * LOW HITPOINT WARNING * * *
The electric eel shoots out a bolt of lightning at you!
The bolt of electricity hits you.
* * * LOW HITPOINT WARNING * * *
The bolt of electricity hits you!
You die...

#.....#..# #.........≈
#.....#..###......≈..≈
###........>......≈≈≈≈
#.#....##.......≈≈≈≈
#.##÷..##....$..≈≈≈≈
#.##...##....†..≈≈≈≈
#.##...##.....T.;≈≈≈
..##...##.......≈≈≈≈
..##.......#@###.≈≈≈
.. ##.###..#.# ..≈≈
#>.....#.# .≈≈
.......#T# ..
.#####..#.# . #..#.# #
#..#.# ..#.. ..#


You could see a troll, an electric eel and a friendly troll (berserk).

Vanquished Creatures
  A two-headed ogre (D:10)
  An unseen horror (D:11)
  A centaur skeleton (D:11)
  2 trolls
  Grinder (D:3)
  3 hippogriffs
  A spriggan (D:7)
  A wyvern (D:11)
  A yak (D:9)
  3 vampire mosquitoes (D:10)
  A hungry ghost (D:11)
  2 acid dragons (D:11)
  A water moccasin (D:5)
  A sky beast (D:5)
  5 orc warriors
  2 ice beasts (D:9)
  A black bear (D:7)
  2 ogres
  5 centaurs
  A necrophage (D:8)
  3 wolves
  A crocodile (D:11)
  7 big kobolds
  A bullfrog (D:10)
  A gnoll sergeant (D:7)
  6 scorpions
  6 killer bees (D:9)
  3 wights (D:11)
  3 howler monkeys
  5 crimson imps
  2 jellies (D:9)
  A bullfrog zombie (D:7)
  13 orc priests
  9 hounds
  12 orc wizards
  2 bullfrog skeletons
  2 iguanas (D:5)
  Natasha (thrice) (D:3)
  10 worker ants
  A hound zombie (D:10)
  2 hound skeletons
  19 gnolls
  7 river rats (Sewer)
  14 adders
  3 shadow imps
  2 white imps (D:9)
  2 adder skeletons (D:4)
  4 worms
  3 dart slugs
  6 leopard geckos
  53 orcs
  8 ball pythons
  6 bats
  3 giant cockroaches
  7 goblins
  5 hobgoblins
  13 jackals
  3 quokkas
  5 frilled lizards
  30 kobolds
  24 rats
346 creatures vanquished.

Vanquished Creatures (collateral kills)
  Gastronok (D:8)
  Erica (D:8)
  A phantom (D:11)
  A black bear (D:8)
  A gnoll shaman (D:10)
  A leopard gecko (D:8)
6 creatures vanquished.

Vanquished Creatures (others)
  5 dream sheep (D:7)
5 creatures vanquished.

Grand Total: 357 creatures vanquished

Notes
Turn   | Place    | Note
-------+----------+-------------------------------------------
     0 | D:1      | Lexodia the Demonspawn Berserker began the quest for the
                  | Orb.
     0 | D:1      | Reached XP level 1. HP: 18/18 MP: 1/1
   290 | D:1      | Reached skill level 3 in Polearms
   290 | D:1      | Gained mutation: You are partially covered in yellow
                  | scales. (AC +2) [demonic ancestry]
   290 | D:1      | Reached XP level 2. HP: 15/24 MP: 2/2
   293 | D:1      | Huge Dmg: 5 dmg
   771 | D:2      | Reached XP level 3. HP: 29/29 MP: 3/3
   812 | D:2      | Found an ancient bone altar of Kikubaaqudgha.
   836 | D:2      | Huge Dmg: 10 dmg
   839 | D:2      | Huge Dmg: 9 dmg
  1199 | D:2      | Reached skill level 4 in Polearms
  1246 | D:2      | Huge Dmg: 6 dmg
  1287 | D:2      | Reached ** piety under Trog
  1634 | D:3      | Huge Dmg: 6 dmg
  1665 | D:3      | Gained mutation: Your flesh is cold resistant. (rC+)
                  | [demonic ancestry]
  1665 | D:3      | Reached XP level 4. HP: 21/35 MP: 4/4
  1763 | D:3      | Noticed Natasha
  1770 | D:3      | Killed Natasha
  1770 | D:3      | Reached skill level 5 in Polearms
  1963 | D:4      | Gained mutation: You are partially covered in sharp spines.
                  | [demonic ancestry]
  1963 | D:4      | Reached XP level 5. HP: 38/41 MP: 5/5
  2083 | D:4      | Found a glowing drain.
  2112 | D:4      | Huge Dmg: 9 dmg
  2127 | Sewer    | Entered a sewer
  2185 | Sewer    | Reached skill level 6 in Polearms
  2185 | Sewer    | Reached XP level 6. HP: 47/47 MP: 6/6
  2199 | Sewer    | Huge Dmg: 17 dmg
  2232 | Sewer    | Reached *** piety under Trog
  2325 | Sewer    | Huge Dmg: 16 dmg
  2347 | Sewer    | Reached skill level 7 in Polearms
  2518 | Sewer    | Gained mutation: You are immune to freezing clouds.
                  | [demonic ancestry]
  2518 | Sewer    | Reached XP level 7. HP: 52/52 MP: 7/7
  2520 | Sewer    | Huge Dmg: 26 dmg
  2629 | Sewer    | Huge Dmg: 26 dmg
  2900 | D:4      | Reached **** piety under Trog
  2916 | D:4      | Huge Dmg: 26 dmg
  3005 | D:4      | Huge Dmg: 26 dmg
  3472 | D:3      | Noticed Natasha
  3474 | D:3      | Reached skill level 8 in Polearms
  3490 | D:3      | Huge Dmg: 24 dmg
  3507 | D:3      | Killed Natasha
  3556 | D:3      | Noticed Grinder
  3556 | D:3      | Paralysed by Grinder for 4 turns
  3570 | D:3      | Huge Dmg: 13 dmg
  3584 | D:3      | Paralysed by Grinder for 4 turns
  3588 | D:3      | Killed Grinder
  3588 | D:3      | Gained mutation: You are mostly covered in yellow scales.
                  | (AC +3) [demonic ancestry]
  3588 | D:3      | Reached XP level 8. HP: 34/58 MP: 8/8
  3735 | D:3      | Reached skill level 9 in Polearms
  3744 | D:3      | Huge Dmg: 27 dmg
  3884 | D:3      | Noticed Natasha
  3891 | D:3      | Killed Natasha
  3984 | D:5      | Entered Level 5 of the Dungeon
  3984 | D:5      | Found an opulent altar of Gozag.
  4155 | D:5      | Found an ornate altar of the Wu Jian Council.
  4158 | D:5      | Found a blossoming altar of Fedhas.
  4170 | D:5      | Found a burning altar of Makhleb.
  4173 | D:5      | Found a basalt altar of Yredelemnul.
  4181 | D:5      | Got a pitted short sword
  4182 | D:5      | Identified the cursed +0 short sword "Fipibb" {venom, rPois
                  | MR+ Int-2} (You found it on level 5 of the Dungeon)
  4351 | D:5      | Found a shadowy altar of Dithmenos.
  4421 | D:5      | Found a staircase to the Ecumenical Temple.
  4474 | D:5      | Reached skill level 10 in Polearms
  4798 | D:6      | Found a hide-covered altar of Uskayaw.
  4822 | D:6      | Found Eguskice's Magic Scroll Shoppe.
  4851 | D:6      | Bought a scroll of fear for 45 gold pieces
  4996 | D:6      | Found a deep blue altar of Sif Muna.
  5108 | D:6      | Huge Dmg: 19 dmg
  5115 | D:6      | Huge Dmg: 22 dmg
  5122 | D:6      | Reached ***** piety under Trog
  5133 | D:6      | Huge Dmg: 10 dmg
  5345 | D:6      | Reached XP level 9. HP: 61/63 MP: 9/9
  5386 | D:6      | Reached skill level 11 in Polearms
  5525 | D:7      | Huge Dmg: 29 dmg
  5574 | D:7      | Huge Dmg: 29 dmg
  5682 | D:7      | Found a radiant altar of Vehumet.
  5696 | D:7      | Huge Dmg: 25 dmg
  5729 | D:7      | Huge Dmg: 14 dmg
  5758 | D:7      | Huge Dmg: 8 dmg
  5767 | D:7      | Huge Dmg: 10 dmg
  5786 | D:7      | Huge Dmg: 8 dmg
  5792 | D:7      | Huge Dmg: 6 dmg
  5795 | D:7      | Reached skill level 12 in Polearms
  6141 | D:7      | Huge Dmg: 19 dmg
  6184 | D:7      | Found a shimmering altar of Xom.
  6345 | D:8      | Huge Dmg: 15 dmg
  6348 | D:8      | Noticed Gastronok
  6358 | D:8      | Huge Dmg: 26 dmg
  6360 | D:8      | Huge Dmg: 26 dmg
  6363 | D:8      | Killed Gastronok
  6363 | D:8      | Reached skill level 13 in Polearms
  6363 | D:8      | Reached XP level 10. HP: 39/70 MP: 10/10
  6364 | D:8      | Noticed Erica
  6367 | D:8      | Killed Erica
  6438 | D:8      | Huge Dmg: 35 dmg
  6497 | D:8      | Found a white marble altar of Elyvilon.
  6542 | D:8      | Received a gift from Trog
  6548 | D:8      | Huge Dmg: 30 dmg
  6707 | D:8      | Huge Dmg: 15 dmg
  6722 | D:8      | Huge Dmg: 25 dmg
  6903 | D:9      | Reached skill level 1 in Crossbows
  7043 | D:9      | Huge Dmg: 22 dmg
  7066 | D:9      | Huge Dmg: 10 dmg
  7187 | D:9      | Huge Dmg: 31 dmg
  7198 | D:9      | Huge Dmg: 19 dmg
  7211 | D:9      | Huge Dmg: 4 dmg
  7612 | D:9      | Found Oxatue's Distillery.
  7619 | D:9      | Reached skill level 14 in Polearms
  7624 | D:9      | Bought a potion of heal wounds for 70 gold pieces
  7624 | D:9      | Bought a potion of heal wounds for 70 gold pieces
  7624 | D:9      | Bought a potion of curing for 42 gold pieces
  7624 | D:9      | Bought a potion of curing for 42 gold pieces
  7624 | D:9      | Bought a potion of curing for 42 gold pieces
  7624 | D:9      | Bought a potion of curing for 42 gold pieces
  7624 | D:9      | Bought a potion of curing for 42 gold pieces
  8078 | D:10     | Entered Level 10 of the Dungeon
  8107 | D:10     | Huge Dmg: 32 dmg
  8118 | D:10     | Identified the +6 long sword of Nightmares {drain, rPois
                  | Str-3 Dex+2}
  8187 | D:10     | Huge Dmg: 34 dmg
  8265 | D:10     | Huge Dmg: 17 dmg
  8267 | D:10     | Huge Dmg: 9 dmg
  8275 | D:10     | Huge Dmg: 6 dmg
  8479 | D:10     | Found a runed translucent gate.
  8482 | D:10     | Found a runed translucent gate.
  8482 | D:10     | Found a runed translucent gate.
  8482 | D:10     | Found an opulent altar of Gozag.
  8488 | D:10     | Noticed an ogre mage
  8490 | D:10     | Noticed Gargoyl's ghost (novice CeAK)
  8547 | D:10     | Reached skill level 5 in Crossbows
  8569 | D:10     | Huge Dmg: 22 dmg
  8626 | D:10     | Huge Dmg: 28 dmg
  8667 | D:10     | Huge Dmg: 33 dmg
  8740 | D:10     | Received a gift from Trog
  8772 | D:10     | Gained mutation: You have a pair of small antennae on your
                  | head. [demonic ancestry]
  8772 | D:10     | Reached XP level 11. HP: 54/74 MP: 3/11
  9046 | D:10     | Noticed a two-headed ogre
  9053 | D:10     | Huge Dmg: 27 dmg
  9054 | D:10     | Huge Dmg: 13 dmg
  9057 | D:10     | Huge Dmg: 17 dmg
  9061 | D:10     | Killed a two-headed ogre
  9068 | D:10     | Huge Dmg: 10 dmg
  9322 | D:11     | Huge Dmg: 35 dmg
  9441 | D:11     | Found a staircase to the Orcish Mines.
  9461 | D:11     | Huge Dmg: 12 dmg
  9482 | D:11     | Huge Dmg: 15 dmg
  9489 | D:11     | Huge Dmg: 7 dmg
  9491 | D:11     | Huge Dmg: 6 dmg
  9494 | D:11     | Killed an unseen horror
  9500 | D:11     | Huge Dmg: 6 dmg
  9502 | D:11     | HP: 3/74 [electric eel/bolt of electricity (6)]
  9502 | D:11     | Killed from afar by an electric eel

Levels and vault maps discovered:
D:1:      dpeg_arrival_chase, layout_loops_ring, chequers_serial_rivers_small_b
D:2:      layout_loops_ring, kiku_gazebo_garden_becter, grunt_ministairs_10
D:3:      layout_loops_cross, first_ration, minivault_26, uniq_grinder,
          uniq_natasha
D:4:      layout_rooms, cheibrodos_sewer_entry_bend, hangedman_decor_lopped
D:5:      layout_rooms, nicolae_gozag_seed_capital,
          grunt_temple_overflow_cloverleaf, lemuel_temple_firewalk_a,
          nicolae_dithmenos_shadow_blocks
D:6:      layout_basic, lemuel_blue_sif_altar, basic_altar, serial_shops,
          shop_scrolls
D:7:      layout_rooms, kb_xom_exploding_sheep, vehumet_altar_wand_db,
          the_bakery
D:8:      layout_rooms, elyvilon_altar_5, uniq_gastronok, uniq_erica
D:9:      layout_grid_maze, serial_shops, nicolae_shop_trees, serial_ice,
          serial_ice_h, serial_ice_a, serial_ice_o, serial_ice_f, serial_ice_c
D:10:     layout_loops_ring, ebering_ghost_gozag
D:11:     layout_basic, erik_lair_island, orc_0_dummy, basic_altar
D:12:     minmay_chambers_of_sevens, layout_basic, serial_shops,
          nicolae_shop_behind_doors, serial_park_tiny_1, hex_medium

Skill      XL: |  1  2  3  4  5  6  7  8  9 10 11 |
---------------+----------------------------------+-----
Armour         | 2 |  2.0
Dodging        | 2 |  2.0
Polearms       | 3 4 5 6 7 8 10 13 14 | 14.4
Crossbows      | 5 7 |  7.1
Fighting       | |  3.0

Action                   |  1- 3 |  4- 6 |  7- 9 | 10-12 || total
-------------------------+-------+-------+-------+-------++-------
Melee: Spear             |   150 |   204 |   463 |   345 ||  1162
       Short sword       |       |       |     1 |       ||     1
       Glaive            |       |       |       |    71 ||    71
Throw: Dart              |       |    15 |     8 |    30 ||    53
Invok: Berserk           |       |     3 |    12 |    13 ||    28
       Trog's Hand       |       |       |     1 |     1 ||     2
       Brothers in Arms  |       |       |     1 |     1 ||     2
Evoke: Wand              |       |       |       |     1 ||     1
       Box of beasts     |       |       |       |     1 ||     1
  Use: Scroll            |     2 |     5 |    11 |     3 ||    21
 Stab: Sleeping          |     2 |       |     3 |       ||     5
  Eat: Chunk             |     2 |     6 |    23 |    26 ||    57
Armor: Leather armour    |    34 |    35 |    70 |    20 ||   159
       Plate armour      |       |       |       |    90 ||    90
Dodge: Dodged            |    75 |    77 |   123 |    92 ||   367
Block: Other             |       |    28 |    36 |    34 ||    98
       Reflection        |       |     1 |     1 |       ||     2

Table legend:
 A = Non-vault XP
 B = Vault XP
 C = Vault XP percentage of total XP
 D = Non-vault monster count
 E = Vault monster count
 F = Vault count percentage of total count
                 A         B        C        D         E       F
            +---------+---------+-------+---------+---------+-------
      Total |   11455 |    3468 |  23.2 |     286 |      66 |  18.8
            +---------+---------+-------+---------+---------+-------
        D:1 |      32 |       0 |   0.0 |      18 |       0 |   0.0
        D:2 |      40 |      14 |  25.9 |      11 |       2 |  15.4
        D:3 |     328 |     331 |  50.2 |      38 |       2 |   5.0
        D:4 |     260 |       5 |   1.9 |      22 |       1 |   4.3
        D:5 |     569 |       0 |   0.0 |      20 |       0 |   0.0
        D:6 |     814 |       0 |   0.0 |      20 |       0 |   0.0
        D:7 |    1348 |     226 |  14.4 |      28 |       2 |   6.7
        D:8 |    1117 |    1572 |  58.5 |      38 |       2 |   5.0
        D:9 |    1417 |     465 |  24.7 |      26 |       5 |  16.1
       D:10 |    3129 |       0 |   0.0 |      49 |       0 |   0.0
       D:11 |    2401 |     304 |  11.2 |      16 |       4 |  20.0
      Sewer |       0 |     551 | 100.0 |       0 |      48 | 100.0
            +---------+---------+-------+---------+---------+-------
